 Dungeon Crawl Stone Soup version 0.19-a0-811-gf4045fb (webtiles) character file.

33378 Arkorax the Cleaver (level 14, -1/129 HPs)
             Began as a Formicid Fighter on June 28, 2016.
             Was the Champion of the Shining One.
             Slain by a 12-headed hydra (11 damage)
             ... on level 5 of the Lair of Beasts.
             The game lasted 00:21:19 (14187 turns).

Arkorax the Cleaver (Formicid Fighter)             Turns: 14187, Time: 00:21:19

Health: -1/129     AC: 21    Str: 26    XL:     14   Next: 7%
Magic:  14/14      EV:  3    Int: 12    God:    the Shining One [******]
Gold:   913        SH: 13    Dex: 11    Spells: 0 memorised, 13 levels left

rFire  . . .     SeeInvis +     N - +2 battleaxe (chop)
rCold  . . .     Gourm    .     L - +3 chain mail
rNeg   + + +     Faith    .     c - +0 shield
rPois  +         Spirit   .     (helmet unavailable)
rElec  .         Dismiss  .     l - +1 cloak
rCorr  .         Reflect  .     G - +0 pair of gloves
SustAt +         Harm     .     S - +1 pair of boots of Dithmenos's Vengeance {*Corrode MR++ Int+5}
MR     +++..                    E - amulet of Vitality {Regen+ HP+15}
Stlth  ..........               m - ring of poison resistance
                                u - ring of sustain attributes

@: glowing, extremely resistant to hostile enchantments, extremely unstealthy
A: permanent stasis, dig shafts and tunnels, four strong arms, antennae 3
a: Dig, Shaft Self, Divine Shield, Cleansing Flame, Summon Divine Warrior, Brand
Weapon With Holy Wrath, Renounce Religion


You were on level 5 of the Lair of Beasts.
You worshipped the Shining One.
The Shining One was exalted by your worship.
You were not hungry.

You visited 2 branches of the dungeon, and saw 17 of its levels.
You also visited: Ice Cave.

You collected 1025 gold pieces.
You spent 112 gold pieces at shops.

Inventory:

Hand Weapons
 q - a +0 longbow
 N - a +2 battleaxe of chopping (weapon)
Missiles
 B - 4 javelins (quivered)
Armour
 c - a +0 shield (worn)
 l - a +1 cloak (worn)
 G - a +0 pair of gloves (worn)
 L - a +3 chain mail (worn)
 S - the +1 pair of boots of Dithmenos's Vengeance (worn) {*Corrode MR++ Int+5}
   (You acquired it on level 1 of the Lair of Beasts)

   It affects your intelligence (+5).
   It affects your resistance to hostile enchantments.
   It may corrode you when you take damage.
Jewellery
 a - an uncursed amulet of rage {unknown}
 m - a ring of poison resistance (right hand)
 u - a ring of sustain attributes (left hand)
 E - the amulet of Vitality (around neck) {Regen+ HP+15}
   (You found it on level 4 of the Dungeon)

   [amulet of regeneration]

   It affects your health (+15).
   It increases your rate of regeneration.
 V - an uncursed ring of positive energy {unknown}
Wands
 v - a wand of lightning (2/15)
 C - a wand of heal wounds (5/9)
 O - a wand of enslavement (15/24)
 Q - a wand of digging (9/24)
 W - a wand of acid (3/15)
 Y - a wand of teleportation (4/9)
Scrolls
 e - a scroll of amnesia
 g - 3 scrolls of fog
 i - 6 scrolls of fear
 n - 2 scrolls of identify
 w - a scroll of recharging
 y - 4 scrolls of enchant armour
 D - 7 scrolls of remove curse
 F - 3 scrolls of magic mapping
 X - a scroll of enchant weapon
Potions
 b - a potion of berserk rage
 d - 2 potions of might
 j - 4 potions of curing
 s - 2 potions of magic
 x - 3 potions of degeneration
 H - 2 potions of invisibility
 I - 2 potions of cure mutation
 M - a potion of ambrosia
 T - 2 potions of flight
 Z - a potion of brilliance
Comestibles
 f - 3 bread rations
 h - 6 meat rations
 p - 7 slices of pizza
 z - 2 royal jellies
 A - 7 beef jerkies
 R - 22 fruits


   Skills:
 + Level 11.8 Fighting
 * Level 14.3 Axes
 + Level 11.7 Armour
 + Level 12.6 Shields


You had 13 spell levels left.
You didn't know any spells.

Dungeon Overview and Level Annotations

Branches:
Dungeon (12/15)            Temple (0/1) D:4            Lair (5/6) D:11
 Shoals (0/4) Lair:2       Spider (0/4) Lair:3          Orc (0/2) D:9
  Slime: Lair:5-6

Altars:
Dithmenos
Gozag
Makhleb
Nemelex Xobeh
Pakellas
Trog
Uskayaw
Xom
The Shining One
Beogh

Shops:
D:4 }   D:5 [   D:6 *   D:11 %


Innate Abilities, Weirdness & Mutations

You are under a permanent stasis effect.
You can dig through walls and to a lower floor.
Your four strong arms can wield two-handed weapons with a shield.
You have a pair of large antennae on your head. (SInv)


Message History

You are too injured to fight recklessly!
You are too injured to fight recklessly!
Unknown command.
Unknown command.
The electric eel shoots out a bolt of lightning at you!
The bolt of electricity hits you!
* * * LOW HITPOINT WARNING * * *
The electric eel shoots out a bolt of lightning at you!
The bolt of electricity hits you!
* * * LOW HITPOINT WARNING * * *
You are no longer corroded.
There is a stone staircase leading down here.
The 12-headed hydra bites you.
* * * LOW HITPOINT WARNING * * *
The 12-headed hydra bites you!
* * * LOW HITPOINT WARNING * * *
The 12-headed hydra bites you.
* * * LOW HITPOINT WARNING * * *
You block the 12-headed hydra's attack. The 12-headed hydra bites you!
You die...

..P#.....8.#.#...###
....≈P≈
.......#?..#.#.....#
...PP≈♣
.....#.#...#......P#
#.≈♣≈≈#
.###..#.†....#†...##
### ##
..######...###...##
#######.....###.###
#.8.##.##....#..8.##
.............#..D..#
8.<..+...8...+..@.8#
.....#.............#
#.8.##.......##.8..#
#.##.##.......######
......##.+###....##
.....##.....##....#
P.#P...#.....#...##
###..#........####
##P..#.#.8.#...#


You could see a 12-headed hydra.

Vanquished Creatures
  The ghost of runewalsh the Martial Artist, a journeyman OpTm of Gozag (Lair:3)
  3 hydras
  A centaur warrior (D:12)
  4 death yaks (Lair:3)
  Nergalle (D:10)
  A lindwurm (Lair:4)
  2 ugly things
  2 wolf spiders (Lair:3)
  An elephant (Lair:4)
  A siren (Lair:2)
  2 black mambas
  Joseph (D:10)
  7 spiny frogs
  2 centaur skeletons
  2 kobold demonologists (D:10)
  6 freezing wraiths
  2 komodo dragons
  2 ice devils (Lair:1)
  A queen bee (D:12)
  3 trolls
  A jumping spider (Lair:3)
  A two-headed ogre (D:11)
  9 blink frogs
  A redback (Lair:3)
  A vampire (D:5)
  2 shadows (D:12)
  A hog (D:7)
  A wyvern (D:12)
  22 yaks
  7 hippogriffs
  A human (D:7)
  2 hungry ghosts (D:12)
  Eustachio (D:5)
  A mottled dragon (D:11)
  7 water moccasins
  2 hell hounds (D:11)
  2 porcupines
  3 sky beasts
  8 ogres
  8 ice beasts
  10 orc warriors
  A phantom (D:3)
  An alligator simulacrum (IceCv)
  3 necrophages
  An eye of draining (D:11)
  A centaur (D:8)
  5 crocodiles
  Blork the orc (D:4)
  5 giant frogs
  4 scorpions
  15 killer bees
  An elephant simulacrum (IceCv)
  8 wights (D:12)
  2 electric eels (D:9)
  6 howler monkeys
  6 crimson imps
  A quasit (D:10)
  6 hounds
  Crazy Yiuf (D:2)
  3 centaur zombies
  5 jellies
  7 orc priests
  An orc wizard (D:11)
  2 giant frog skeletons
  A gnoll shaman (D:4)
  6 iguanas
  8 worker ants
  2 polar bear simulacra (IceCv)
  A killer bee zombie (D:7)
  21 sheep
  A hound zombie (D:7)
  2 hound skeletons
  2 howler monkey zombies
  Robin (D:4)
  12 gnolls
  16 adders
  18 river rats
  4 shadow imps
  5 white imps (IceCv)
  An ooze (D:1)
  2 adder skeletons
  4 worms (D:2)
  2 dart slugs
  9 giant geckos
  31 orcs
  3 giant cockroaches
  11 goblins
  8 hobgoblins
  7 jackals (D:4)
  6 kobolds
  8 quokkas
  15 bats
  A giant gecko skeleton (D:4)
  A giant gecko zombie (D:7)
  4 giant newts
  A jackal zombie (D:5)
  7 rats
  3 fungi
446 creatures vanquished.

Vanquished Creatures (collateral kills)
  An orc priest (D:9)
  An orc wizard (D:9)
2 creatures vanquished.

Vanquished Creatures (others)
  An orc (D:9)
  4 plants
5 creatures vanquished.

Grand Total: 453 creatures vanquished

Notes
Turn   | Place    | Note
--------------------------------------------------------------
     0 | D:1      | Arkorax the Formicid Fighter began the quest for the Orb.
     0 | D:1      | Reached XP level 1. HP: 18/18 MP: 1/1
   160 | D:1      | Reached XP level 2. HP: 22/24 MP: 2/2
   472 | D:2      | Found a sparkling altar of Nemelex Xobeh.
   472 | D:2      | Found a glowing golden altar of the Shining One.
   472 | D:2      | Found a burning altar of Makhleb.
   499 | D:2      | Became a worshipper of the Shining One
   567 | D:2      | Reached XP level 3. HP: 29/29 MP: 3/3
   617 | D:2      | Found a runed door.
   690 | D:2      | Noticed Crazy Yiuf
   696 | D:2      | Killed Crazy Yiuf
   696 | D:2      | Reached skill level 3 in Axes
   696 | D:2      | Reached XP level 4. HP: 27/37 MP: 4/4
   966 | D:2      | Found a faded altar of an unknown god.
  1240 | D:2      | Found a shimmering altar of Xom.
  1482 | D:3      | Reached XP level 5. HP: 42/42 MP: 5/5
  2305 | D:4      | Reached skill level 4 in Axes
  2305 | D:4      | Reached XP level 6. HP: 49/49 MP: 6/6
  2313 | D:4      | Reached skill level 5 in Shields
  2440 | D:4      | Noticed a phantom
  2441 | D:4      | Noticed an ogre
  2466 | D:4      | HP: 1/50 [ogre/giant spiked club (18)]
  2491 | D:4      | Reached * piety under the Shining One
  2792 | D:3      | Killed a phantom
  2792 | D:3      | Reached skill level 5 in Fighting
  2792 | D:3      | Reached XP level 7. HP: 45/56 MP: 7/7
  3010 | D:4      | Reached skill level 5 in Axes
  3024 | D:4      | Found Unleijups's Gadget Boutique.
  3143 | D:4      | Noticed Robin
  3151 | D:4      | Killed Robin
  3163 | D:4      | Found an opulent altar of Gozag.
  3167 | D:4      | Noticed Blork the orc
  3178 | D:4      | Killed Blork the orc
  3306 | D:4      | Reached XP level 8. HP: 29/63 MP: 8/8
  3504 | D:5      | Entered Level 5 of the Dungeon
  3631 | D:4      | Found a staircase to the Ecumenical Temple.
  3928 | D:5      | Reached skill level 5 in Armour
  3954 | D:5      | Noticed Eustachio
  3962 | D:5      | Killed Eustachio
  3962 | D:5      | Reached skill level 6 in Axes
  4020 | D:5      | Noticed a vampire
  4036 | D:5      | Killed a vampire
  4334 | D:5      | Found Oxzinn's Antique Armour Shop.
  4337 | D:5      | Bought a pair of gloves for 112 gold pieces
  4651 | D:5      | Reached XP level 9. HP: 69/69 MP: 9/9
  4731 | D:6      | Reached skill level 7 in Axes
  4820 | D:6      | Found Piggu's Assorted Antiques.
  4847 | D:6      | Found a hide-covered altar of Uskayaw.
  4848 | D:6      | Found an oddly glowing altar of Pakellas.
  4934 | D:6      | Reached ** piety under the Shining One
  5169 | D:7      | Reached skill level 8 in Axes
  5819 | D:8      | Reached XP level 10. HP: 79/79 MP: 10/10
  6318 | D:8      | Found a shadowy altar of Dithmenos.
  6322 | D:8      | Reached *** piety under the Shining One
  6343 | D:8      | Found a sparkling altar of Nemelex Xobeh.
  6601 | D:9      | Reached skill level 9 in Axes
  7031 | D:9      | Found a roughly hewn altar of Beogh.
  7055 | D:9      | Found a staircase to the Orcish Mines.
  7106 | D:9      | Reached skill level 10 in Axes
  7132 | D:9      | Found a bloodstained altar of Trog.
  7143 | D:9      | Reached XP level 11. HP: 87/87 MP: 11/11
  7170 | D:9      | Reached **** piety under the Shining One
  7305 | D:10     | Entered Level 10 of the Dungeon
  7443 | D:10     | Noticed Joseph
  7459 | D:10     | Killed Joseph
  7564 | D:10     | Noticed Nergalle
  7580 | D:10     | Killed Nergalle
  7711 | D:10     | Reached skill level 10 in Shields
  7716 | D:10     | Reached skill level 11 in Axes
  7809 | D:10     | Noticed a soul eater
  8492 | D:11     | Found Sedeomp's Food Boutique.
  8667 | D:11     | Found a staircase to the Lair.
  8676 | D:11     | Reached ***** piety under the Shining One
  9001 | D:11     | Noticed a green ugly thing
  9012 | D:11     | Killed a green ugly thing
  9173 | D:12     | Reached XP level 12. HP: 97/97 MP: 12/12
  9398 | D:12     | Reached skill level 10 in Fighting
  9473 | D:12     | Noticed a centaur warrior
  9486 | D:12     | Killed a centaur warrior
  9486 | D:12     | Reached skill level 12 in Axes
  9793 | Lair:1   | Entered Level 1 of the Lair of Beasts
  9793 | Lair:1   | Noticed a four-headed hydra
  9801 | Lair:1   | Killed a six-headed hydra
  9810 | Lair:1   | Identified a scroll of acquirement
  9813 | Lair:1   | Got a pair of brightly glowing boots
  9824 | Lair:1   | Identified the +1 pair of boots of Dithmenos's Vengeance {*Corrode MR++ Int+5} (You acquired it on level 1 of the Lair of Beasts)
  9877 | Lair:1   | Reached skill level 10 in Armour
  9913 | Lair:1   | Noticed a six-headed hydra
  9921 | Lair:1   | Killed an 11-headed hydra
 10093 | Lair:1   | Found a frozen archway.
 10112 | IceCv    | Entered an ice cave
 10376 | IceCv    | Reached ****** piety under the Shining One
 10412 | IceCv    | Reached XP level 13. HP: 98/105 MP: 13/13
 11037 | Lair:2   | Found a staircase to the Shoals.
 11048 | Lair:2   | Reached skill level 13 in Axes
 11095 | Lair:2   | Noticed an eight-headed hydra
 11933 | Lair:3   | Noticed runewalsh's ghost (journeyman OpTm)
 11945 | Lair:3   | Killed runewalsh's ghost
 11949 | Lair:3   | Noticed an eight-headed hydra
 11955 | Lair:3   | Killed an 11-headed hydra
 12384 | Lair:3   | Found a hole to the Spider Nest.
 12608 | Lair:3   | Reached skill level 14 in Axes
 13910 | Lair:4   | Reached XP level 14. HP: 112/114 MP: 14/14
 14187 | Lair:5   | Slain by a 12-headed hydra

Vault maps used:
D:1:      minmay_arrival_pointy
D:2:      lemuel_round_altar, grunt_temple_overflow_open, ecumenical_altar_2,
          uniq_crazy_yiuf_cottage
D:4:      nicolae_overflow_crystal_walls, serial_shops, kennysheep_mini_moat,
          roderic_batcave, kennysheep_generic_room_6, uniq_blork_the_orc,
          uniq_robin
D:5:      first_bread, serial_shops, shop, uniq_eustachio
D:6:      gammafunk_temple_overflow_pools, serial_shops, shop
D:7:      grunt_livestock
D:8:      grunt_dithmenos_smoke, nemelex_spade_bored_becter
D:9:      lemuel_doored_altar, nicolae_overflow_hidden_temple, david_orc_5,
          serial_bayou, serial_bayou_pond_d, serial_bayou_pond_d,
          serial_bayou_pond_a, serial_bayou_shore_a
D:10:     lightli_corner_chamber, uniq_nergalle, uniq_joseph
D:11:     minmay_lair_entry_lava, serial_shops, nicolae_shop_stone
D:12:     nicolae_looking_at_the_future
Lair:1:   portal_ice_cave_demonic_guard, lemuel_fruit_tree, grunt_megastairs_4,
          uniq_fannar
Lair:2:   minmay_shoals_entry_lonely_mermaid
Lair:3:   spider_nest_entry_funnel_web
Lair:5:   minmay_slime_entry_pillars, guppyfry_lair_drakes,
          serial_bayou_shore_b, lemuel_fruit_fields, grunt_megastairs_1
IceCv:    ice_cave_small_necro

Skill      XL: |  1  2  3  4  5  6  7  8  9 10 11 12 13 |
---------------+----------------------------------------+-----
Axes           | 3 4 5 6 8 10 11 12 14 | 14.3
Shields        | 4 5 6 7 9 10 11 12 | 12.6
Fighting       | 4 5 6 7 8 9 10 11 | 11.8
Armour         | 4 5 6 8 9 10 11 | 11.7

Action                   |  1- 3 |  4- 6 |  7- 9 | 10-12 | 13-15 || total
-------------------------+-------+-------+-------+-------+-------++-------
Melee: War axe           |    68 |   182 |    54 |       |       ||   304
       Battleaxe         |       |       |   204 |   521 |   299 ||  1024
Throw: Javelin           |       |       |     3 |       |       ||     3
 Abil: Dig               |       |       |     1 |     5 |       ||     6
Evoke: Wand              |       |       |       |     6 |       ||     6
  Use: Potion            |     1 |       |     4 |     3 |     6 ||    14
       Scroll            |       |       |    15 |     8 |    10 ||    33
  Eat: Chunk             |       |     5 |     1 |     6 |     1 ||    13
       Meat ration       |       |     1 |     1 |     1 |     1 ||     4
       Bread ration      |       |       |       |     3 |     1 ||     4
       Pizza             |       |       |       |     1 |       ||     1
Armor: Scale mail        |    54 |    29 |       |       |       ||    83
       Plate armour      |       |    74 |   143 |   308 |    68 ||   593
       Chain mail        |       |       |       |       |   142 ||   142
Dodge: Dodged            |    26 |    55 |    52 |   151 |   106 ||   390
Block: Shield            |    48 |   108 |   150 |   352 |   244 ||   902
